 Dungeon Sprint DCSS version 0.19.0-19-g8c6edcc (webtiles) character file.

22913 NINUZHNO the Shatterer (level 13, -2/241 HPs)
             Began as an Ogre Berserker on Nov 14, 2016.
             Was the Champion of Trog.
             Slain by a spriggan defender
             ... wielding a +1 rapier of venom
              (3 damage)
             ... in the Dungeon (Sprint V: "Ziggurat Sprint").
             The game lasted 00:12:01 (1343 turns).

NINUZHNO the Shatterer (Ogre Berserker)             Turns: 1343, Time: 00:12:02

Health: -2/241     AC: 24    Str: 34    XL:     13   Next: 3%
Magic:  22/22      EV:  6    Int: 10    God:    Trog [******]
Gold:   0          SH:  0    Dex: 14    Spells: 0 memorised, 12 levels left

rFire  + . .     SeeInvis +     a - +7 giant spiked club of Midnight {freeze, *Contam +Fly rN+ Int+4 Dex+5}
rCold  + + .     Gourm    .     j - +5 gold dragon scales
rNeg   + + .     Faith    .     (shield currently unavailable)
rPois  +         Spirit   .     (helmet restricted)
rElec  .         Reflect  .     (no cloak)
rCorr  +         Harm     .     (gloves unavailable)
MR     +++..     Rnd*Rage +     (boots unavailable)
Stlth  .......... NoTele   +    S - amulet of regeneration
                                N - ring of Uskayaw's Vengeance {rCorr rN+}
                                Y - ring "Woorrig" {rPois rC+ SInv}

@: berserking (expiring), lethally poisoned (-2 -> -2), regenerating, very quick
A: unfitting armour, berserk 1, tough skin 1
a: Berserk, Trog's Hand, Brothers in Arms, Burn Spellbooks, Renounce Religion,
Evoke Flight


You were in the Dungeon.
You worshipped Trog.
Trog was exalted by your worship.
You were not hungry.

You visited 1 branch

Inventory:

Hand Weapons
 a - the +7 giant spiked club of Midnight (weapon) {freeze, *Contam +Fly rN+ Int+4 Dex+5}
   (Trog gifted it to you in the Dungeon)

   It has been specially enchanted to freeze those struck by it, causing extra
   injury to most foes and up to half again as much damage against particularly
   susceptible opponents.
   It can also slow down cold-blooded creatures.
   It affects your intelligence (+4).
   It affects your dexterity (+5).
   It protects you from negative energy.
   It lets you fly.
   It causes magical contamination when unequipped.
 J - a +5 giant spiked club
 K - the +7 great mace "Firestarter" {inner flame, rF++}
   (You found it in the Dungeon)

   It has been specially enchanted to burn those struck by it, causing extra
   injury to most foes and up to half again as much damage against particularly
   susceptible opponents.
   It greatly protects you from fire.
Armour
 j - +5 gold dragon scales (worn)
Rods
 L - a +4 iron rod (11/11)
   (You found it in the Dungeon)
 T - a +2 rod of shadows (12/12)
   (You took it off a naga mage in the Dungeon)
 V - a +4 rod of ignition (14/14)
   (You found it in the Dungeon)
Jewellery
 b - the ring "Tiukhits" {Fire +Blink +Inv MR+ Int-2}
   (You found it in the Dungeon)

   [ring of fire]

   It enhances your fire magic.
   It affects your intelligence (-2).
   It protects you from fire.
   It makes you vulnerable to cold.
   It affects your resistance to hostile enchantments.
   It lets you turn invisible.
   It lets you blink.
 G - a +6 ring of strength
 H - a +6 ring of strength
 N - the ring of Uskayaw's Vengeance (right hand) {rCorr rN+}
   (You found it in the Dungeon)

   [ring of resist corrosion]

   It protects you from negative energy.
 O - the ring "Tixanu" {-Tele rPois rN++ MR+}
   (You found it in the Dungeon)

   [ring of protection from magic]

   It protects you from poison.
   It greatly protects you from negative energy.
   It affects your resistance to hostile enchantments.
   It prevents most forms of teleportation.
 Q - an uncursed ring of fire
 S - an amulet of regeneration (around neck)
 W - an uncursed ring of positive energy
 Y - the ring "Woorrig" (left hand) {rPois rC+ SInv}
   (You found it in the Dungeon)

   [ring of protection from cold]

   It protects you from cold.
   It protects you from poison.
   It lets you see invisible.
Wands
 y - a wand of disintegration (7/24)
 z - a wand of iceblast (3/15)
 A - a wand of lightning (5/15)
 B - a wand of acid (5/15)
Scrolls
 i - 4 scrolls of blinking
 q - 4 scrolls of recharging
 r - 7 scrolls of fog
 s - a scroll of holy word
 t - 5 scrolls of identify
 u - 5 scrolls of remove curse
 v - 2 scrolls of fear
Potions
 d - 9 potions of curing
 e - 10 potions of heal wounds
 f - 6 potions of haste
 g - 7 potions of magic
 h - 3 potions of berserk rage
 k - 2 potions of brilliance
 l - 2 potions of invisibility
 m - 4 potions of resistance
 n - a potion of experience
 o - 5 potions of agility
 p - 7 potions of might
Miscellaneous
 I - a disc of storms
 M - a lamp of fire
 R - a fan of gales
 U - 4 phantom mirrors
 X - 2 boxes of beasts
 Z - a phial of floods
Comestibles
 c - 5 bread rations
 w - 42 fruits
 x - 2 meat rations


   Skills:
 + Level 18.7 Fighting
 * Level 26.3 Maces & Flails
 + Level 12.5 Armour
 - Level 2.6 Dodging
 + Level 12.7 Evocations


You had 12 spell levels left.
You didn't know any spells.

Dungeon Overview and Level Annotations

Branches:
Dungeon (1/1)

Altars:
Ashenzari
Cheibriados
Dithmenos
Elyvilon
Fedhas
Gozag
Hepliaklqana
Kikubaaqudgha
Makhleb
Nemelex Xobeh
Okawaru
Qazlal
Ru
Sif Muna
Trog
Uskayaw
Vehumet
Xom
Yredelemnul
Zin
The Shining One
Beogh
Jiyva
Lugonu


Innate Abilities, Weirdness & Mutations

You are too large for most types of armour.
You have tough skin. (AC +1)
You tend to lose your temper in combat.


Message History

The death yak gores you!
* * * LOW HITPOINT WARNING * * *
The faun unwields an uncursed hunting sling.
The faun wields an uncursed spear.
The faun barely misses you.
The spriggan defender blocks your attack.
The spriggan defender is severely wounded.
You feel sick.
The death yak rages.
The spriggan defender hits you with a rapier of venom.
* * * LOW HITPOINT WARNING * * *
The death yak gores you!!
* * * LOW HITPOINT WARNING * * *
You completely miss the spriggan defender.
The spriggan defender is severely wounded.
You feel sick. The dryad hits you.
* * * LOW HITPOINT WARNING * * *
Your hill giant hits the spriggan air mage with a giant club!!!
The yak gores you but does no damage.
The spriggan defender hits you with a rapier of venom.
You die...

▓..)}:...[..▓▓.))).▓.}.}
▓..[[===|}..▓▓..)..▓....
▓...........▓▓.....▓....
▓...........▓▓.))..▓....
▓...........▓▓..(..▓....
▓.....C.....▓▓...).▓.)..
▓....b.i....▓▓▓▓▓▓▓▓▓▓▓▓
▓.....YYR...▓..8©8...▓..
▓....ic@i...▓..).)...▓..
▓....YYi....▓...[....▓..
▓▓▓▓▓▓▓▓▓▓▓▓▓..))....▓..
▓....8©8....▓..).....▓..
▓..).)|..=..▓.▓....▓.▓.▓
▓...}.C})=..▓........▓..
▓...........▓▓▓▓▓▓▓▓▓▓▓▓
▓...........▓...8©8...▓.
▓...........▓..}[|....▓.


You could see 2 death yaks, 2 spriggan defenders, a spriggan berserker
(berserk), a dryad, a faun, a spriggan air mage, 2 yaks and a friendly hill
giant (berserk).

Vanquished Creatures
  2 acid blobs (D)
  2 azure jellies (D)
  A very ugly thing (D)
  A dire elephant (D)
  A great orb of eyes (D)
  2 spriggan air magi (D)
  An anaconda (D)
  A shock serpent (shapeshifter) (D)
  A lindwurm (shapeshifter) (D)
  2 shining eyes (D)
  2 orc knights (D)
  5 ugly things (D)
  A deep elf mage (D)
  An orc sorcerer (D)
  A black mamba (D)
  2 eyes of devastation (D)
  3 naga magi (D)
  4 merfolk (D)
  A troll (D)
  7 slime creatures (D)
  An air elemental (D)
  2 golden eyes (D)
  3 nagas (D)
  A water moccasin (D)
  4 floating eyes (D)
  A wolf (D)
  4 eyes of draining (D)
  An earth elemental (D)
  A crimson imp (D)
  A gnoll shaman (D)
  5 jellies (D)
  2 orc wizards (D)
  A shadow imp (D)
  6 oozes (D)
  2 orcs (D)
  4 ball pythons (D)
80 creatures vanquished.

Vanquished Creatures (collateral kills)
  A death ooze (D)
  A great orb of eyes (D)
  A cyclops (D)
  2 moths of wrath (D)
  An eye of devastation (D)
  A hippogriff (shapeshifter) (D)
  2 yaks (D)
  A basilisk (D)
  3 orc warriors (D)
  An ice beast (shapeshifter) (D)
  A bullfrog (D)
  2 jellies (D)
  A river rat (D)
  3 jackals (D)
  A butterfly (D)
22 creatures vanquished.

Vanquished Creatures (others)
  A komodo dragon (shapeshifter) (D)
  A neqoxec (D)
2 creatures vanquished.

Grand Total: 104 creatures vanquished

Notes
Turn   | Place    | Note
-------+----------+-------------------------------------------
     0 | D        | NINUZHNO the Ogre Berserker began the quest for the Orb.
     0 | D        | Reached XP level 1. HP: 24/24 MP: 1/1
     5 | D        | Found a deep blue altar of Sif Muna.
     5 | D        | Found a sacrificial altar of Ru.
     5 | D        | Found a bloodstained altar of Trog.
     5 | D        | Found a stormy altar of Qazlal.
     5 | D        | Found an iron altar of Okawaru.
     5 | D        | Found a sparkling altar of Nemelex Xobeh.
     5 | D        | Found a blossoming altar of Fedhas.
     7 | D        | Found an ancient bone altar of Kikubaaqudgha.
     7 | D        | Found a viscous altar of Jiyva.
     7 | D        | Found a corrupted altar of Lugonu.
     7 | D        | Found a hazy altar of Hepliaklqana.
     7 | D        | Found a burning altar of Makhleb.
     7 | D        | Found an opulent altar of Gozag.
    56 | D        | Entered arena 1.
    56 | D        | Noticed a crimson imp
    64 | D        | Killed a crimson imp
    64 | D        | Reached skill level 5 in Fighting
    64 | D        | Reached skill level 6 in Maces & Flails
    64 | D        | Reached XP level 2. HP: 30/35 MP: 1/3
    64 | D        | Reached XP level 3. HP: 37/42 MP: 1/4
    69 | D        | Identified Sif Muna's Papyrus of the Glacier and Creation
   127 | D        | Entered arena 2.
   127 | D        | Noticed a deep elf mage
   127 | D        | Noticed an air elemental
   127 | D        | Noticed an earth elemental
   130 | D        | Killed an air elemental
   130 | D        | Reached ** piety under Trog
   130 | D        | Reached skill level 10 in Maces & Flails
   130 | D        | Reached XP level 4. HP: 57/57 MP: 4/7
   130 | D        | Reached XP level 5. HP: 63/63 MP: 4/8
   137 | D        | Killed a deep elf mage
   137 | D        | Reached skill level 12 in Maces & Flails
   137 | D        | Reached skill level 5 in Armour
   137 | D        | Reached skill level 5 in Evocations
   137 | D        | Reached XP level 6. HP: 78/78 MP: 4/10
   137 | D        | Reached XP level 7. HP: 84/84 MP: 4/11
   140 | D        | Reached skill level 10 in Fighting
   140 | D        | Reached skill level 13 in Maces & Flails
   233 | D        | Entered arena 3.
   235 | D        | Reached *** piety under Trog
   247 | D        | Reached **** piety under Trog
   268 | D        | Entered arena 4.
   268 | D        | Noticed a merfolk
   268 | D        | Noticed a merfolk
   268 | D        | Noticed a merfolk
   268 | D        | Noticed a merfolk
   272 | D        | Killed a merfolk
   272 | D        | Reached skill level 14 in Maces & Flails
   272 | D        | Reached XP level 8. HP: 96/96 MP: 12/12
   274 | D        | Killed a merfolk
   279 | D        | Killed a merfolk
   279 | D        | Reached ***** piety under Trog
   279 | D        | Reached skill level 15 in Maces & Flails
   280 | D        | Killed a merfolk
   287 | D        | Got the ring of Uskayaw's Vengeance {rCorr rN+}
   410 | D        | Entered arena 5.
   412 | D        | Paralysed by a floating eye for 2 turns
   415 | D        | Reached XP level 9. HP: 106/106 MP: 9/14
   427 | D        | Got the ring "Tixanu" {-Tele rPois rN++ MR+}
   429 | D        | Identified the Catalogue of the Endless Wars
   470 | D        | Entered arena 6.
   470 | D        | Noticed a black mamba
   470 | D        | Noticed a naga mage
   470 | D        | Noticed a naga mage
   474 | D        | Killed a black mamba
   474 | D        | Reached skill level 16 in Maces & Flails
   477 | D        | Killed a naga mage
   477 | D        | Received a gift from Trog
   477 | D        | Reached skill level 17 in Maces & Flails
   479 | D        | Killed a naga mage
   526 | D        | Entered arena 7.
   526 | D        | Noticed a naga mage
   535 | D        | Killed a naga mage
   535 | D        | Reached ****** piety under Trog
   535 | D        | Reached skill level 18 in Maces & Flails
   535 | D        | Reached XP level 10. HP: 119/119 MP: 16/16
   586 | D        | Received a gift from Trog
   586 | D        | Received a gift from Trog
   587 | D        | Got a warped giant spiked club {god gift}
   589 | D        | Identified the +7 giant spiked club of Midnight {freeze, *Contam +Fly rN+ Int+4 Dex+5} (Trog gifted it to you in the Dungeon)
   595 | D        | Entered arena 8.
   595 | D        | Noticed an eye of devastation
   595 | D        | Noticed an eye of devastation
   602 | D        | Killed an eye of devastation
   604 | D        | Reached skill level 19 in Maces & Flails
   607 | D        | Killed an eye of devastation
   707 | D        | Entered arena 9.
   707 | D        | Noticed a shining eye
   707 | D        | Gained mutation: You tend to lose your temper in combat. [a shining eye]
   708 | D        | Received a gift from Trog
   708 | D        | Reached skill level 20 in Maces & Flails
   710 | D        | Paralysed by a floating eye for 4 turns
   715 | D        | Killed a shining eye
   724 | D        | Identified Tahet's Handbook of Spatial Darkness
   741 | D        | Received a gift from Trog
   745 | D        | Entered arena 10.
   747 | D        | Received a gift from Trog
   747 | D        | Reached skill level 21 in Maces & Flails
   778 | D        | Received a gift from Trog
   782 | D        | Got the ring "Woorrig" {rPois rC+ SInv}
   789 | D        | Entered arena 11.
   789 | D        | Noticed an acid blob
   792 | D        | Noticed a great orb of eyes
   793 | D        | Noticed an azure jelly
   798 | D        | Killed an acid blob
   798 | D        | Reached skill level 15 in Fighting
   798 | D        | Reached skill level 22 in Maces & Flails
   798 | D        | Reached skill level 10 in Armour
   798 | D        | Reached skill level 10 in Evocations
   798 | D        | Reached XP level 11. HP: 132/132 MP: 14/18
   801 | D        | Killed an azure jelly
   801 | D        | Reached skill level 23 in Maces & Flails
   808 | D        | Killed a great orb of eyes
   819 | D        | Received a gift from Trog
   826 | D        | Received a gift from Trog
   924 | D        | Entered arena 12.
   924 | D        | Noticed an orc sorcerer
   924 | D        | Noticed an orc knight
   924 | D        | Noticed a moth of wrath
   925 | D        | Noticed a cyclops
   925 | D        | Noticed a moth of wrath
   925 | D        | Noticed an orc knight
   927 | D        | Killed a moth of wrath
   932 | D        | Killed an orc sorcerer
   935 | D        | Killed a cyclops
   938 | D        | Killed an orc knight
   941 | D        | Killed a moth of wrath
   943 | D        | Killed an orc knight
   943 | D        | Reached skill level 24 in Maces & Flails
   944 | D        | Received a gift from Trog
   953 | D        | Received a gift from Trog
   971 | D        | Got the ring "Qunoal" {MR+ SInv}
  1079 | D        | Entered arena 13.
  1080 | D        | Noticed a red very ugly thing
  1080 | D        | Noticed a red ugly thing
  1080 | D        | Noticed a brown ugly thing
  1080 | D        | Noticed a purple ugly thing
  1081 | D        | Noticed a red ugly thing
  1081 | D        | Noticed a brown ugly thing
  1081 | D        | Noticed a hill giant
  1081 | D        | Noticed an anaconda
  1081 | D        | a hill giant changed into an anaconda
  1085 | D        | an anaconda changed into a torpor snail
  1088 | D        | Killed a red ugly thing
  1089 | D        | Noticed a ghost crab
  1089 | D        | a torpor snail changed into a ghost crab
  1094 | D        | Noticed a shock serpent
  1094 | D        | an elephant changed into a shock serpent
  1095 | D        | Noticed a spectral anaconda
  1095 | D        | Killed a red very ugly thing
  1095 | D        | Reached XP level 12. HP: 148/148 MP: 20/20
  1101 | D        | a ghost crab changed into a glowing shapeshifter
  1103 | D        | Killed a shock serpent
  1107 | D        | Received a gift from Trog
  1132 | D        | Got the ring "Tiukhits" {Fire +Blink +Inv MR+ Int-2}
  1278 | D        | Entered arena 14.
  1279 | D        | Noticed a great orb of eyes
  1279 | D        | Noticed a death ooze
  1282 | D        | Noticed an azure jelly
  1282 | D        | Noticed an acid blob
  1283 | D        | Killed a death ooze
  1283 | D        | Reached skill level 25 in Maces & Flails
  1286 | D        | Received a gift from Trog
  1288 | D        | Killed a great orb of eyes
  1292 | D        | Killed an acid blob
  1295 | D        | Killed an azure jelly
  1296 | D        | Received a gift from Trog
  1317 | D        | Entered arena 15.
  1318 | D        | Noticed a spriggan defender
  1318 | D        | Noticed a spriggan air mage
  1318 | D        | Noticed a dire elephant
  1319 | D        | Noticed a spriggan air mage
  1319 | D        | Noticed a spriggan berserker
  1319 | D        | Noticed a spriggan air mage
  1319 | D        | Noticed a spriggan defender
  1319 | D        | Noticed an anaconda
  1332 | D        | Noticed a death yak
  1332 | D        | Killed a dire elephant
  1332 | D        | Received a gift from Trog
  1332 | D        | Reached skill level 26 in Maces & Flails
  1334 | D        | Noticed a death yak
  1335 | D        | Killed an anaconda
  1336 | D        | Killed a spriggan air mage
  1336 | D        | Reached XP level 13. HP: 123/161 MP: 22/22
  1342 | D        | HP: 3/241 [death yak[a spriggan berserker] (33)]
  1343 | D        | HP: 1/241 [dryad (2)]
  1343 | D        | Slain by a spriggan defender

Skill      XL: |  1  2  3  4  5  6  7  8  9 10 11 12 |
---------------+-------------------------------------+-----
Fighting       | 5 7 9 10 11 13 15 17 18 | 18.7
Maces & Flails | 6 10 12 14 15 18 22 24 26 | 26.3
Armour         | 2 4 5 6 7 8 10 11 12 | 12.5
Evocations     | 2 4 5 6 7 8 10 11 12 | 12.7
Dodging        | |  2.6

Action                   |  1- 3 |  4- 6 |  7- 9 | 10-12 | 13-15 || total
-------------------------+-------+-------+-------+-------+-------++-------
Melee: Great mace        |     9 |     7 |    40 |     7 |       ||    63
       Giant spiked club |       |       |       |   121 |     7 ||   128
Invok: Berserk           |     1 |       |     4 |     5 |       ||    10
       Trog's Hand       |       |       |     1 |     3 |       ||     4
       Burn Spellbooks   |       |       |       |     7 |       ||     7
       Brothers in Arms  |       |       |       |     6 |       ||     6
Evoke: Wand              |       |       |       |     2 |       ||     2
  Use: Potion            |       |       |       |     1 |       ||     1
 Stab: Distracted        |       |       |       |     1 |       ||     1
  Eat: Chunk             |       |       |     2 |     4 |       ||     6
       Meat ration       |       |       |     1 |     1 |       ||     2
Armor: Gold dragon scale |    13 |     4 |    41 |   169 |     8 ||   235
Dodge: Dodged            |     2 |     1 |    10 |    26 |     5 ||    44
